 Dungeon Crawl Stone Soup version 0.24-a0-581-gc0fa660 (webtiles) character file.

Game seed: 12772602623490611755

1099 silentkaos13 the Ruffian (level 8, 0/75 HPs)
             Began as a Troll Monk on Aug 25, 2019.
             Was a Believer of Ashenzari.
             Slain by an orc warrior
             ... wielding a +0 mace
              (15 damage)
             ... on level 6 of the Dungeon.
             The game lasted 00:12:58 (5557 turns).

silentkaos13 the Ruffian (Troll Monk)               Turns: 5557, Time: 00:12:58

Health: 0/75       AC:  8    Str: 21    XL:     8   Next: 10%
Magic:  0/9        EV: 11    Int:  6    God:    Ashenzari [**....]
Gold:   712        SH:  0    Dex: 13    Spells: 9/10 levels left

rFire    . . .     SeeInvis .     - Unarmed
rCold    . . .     Gourm    +   (no shield)
rNeg     . . .     Faith    +   k - +2 robe {Archmagi}
rPois    .         Spirit   +   (helmet restricted)
rElec    .         Reflect  .   o - scarf {Spirit}
rCorr    .         Harm     .   (gloves unavailable)
MR       .....                  (boots unavailable)
Stlth    ++........             g - amulet of faith
HPRegen  0.62/turn              (no ring)
MPRegen  0.11/turn              (no ring)

@: no status effects
A: large, unfitting armour, claws 3, fast metabolism 3, gourmand, regeneration
1, shaggy fur 1, tough skin 3
a: Curse Item, Scrying, Renounce Religion


You were on level 6 of the Dungeon.
You worshipped Ashenzari.
Ashenzari was pleased with you.
You were very full.

You visited 2 branches of the dungeon, and saw 7 of its levels.

You collected 712 gold pieces.

Inventory:

Armour
 a - a +0 robe
 k - a +2 robe of the Archmagi (worn)
 o - a scarf of spirit shield (worn)
 x - the cursed +1 robe "Qomogo" {Int+2}
   (You found it on level 5 of the Dungeon)

   It affects your intelligence (+2).
   It has a curse placed upon it.
Jewellery
 g - an amulet of faith (around neck)
 t - a cursed -6 ring of protection
Scrolls
 f - 8 scrolls of teleportation
 h - 4 scrolls of magic mapping
 i - a scroll of amnesia {unknown}
 n - 2 scrolls of enchant weapon {unknown}
 r - a scroll of fog {unknown}
 s - a scroll of remove curse
 v - a scroll of enchant armour
 w - a scroll of random uselessness {unknown}
 y - a scroll of blinking {unknown}
Potions
 c - a potion of haste {unknown}
 d - a potion of heal wounds
 e - 3 potions of flight
 j - 2 potions of brilliance {unknown}
 l - a potion of invisibility {unknown}
 m - a potion of mutation {unknown}
 p - a potion of degeneration {unknown}
 q - a potion of magic {unknown}
 u - a potion of curing {unknown}
Comestibles
 b - 9 rations
 z - 2 chunks of flesh


   Skills:
 + Level 3.5 Fighting
 + Level 4.2 Dodging
 - Level 1.6 Stealth
 + Level 7.0 Unarmed Combat
 * Level 1.7 Spellcasting
 * Level 1.6 Hexes


You had 9 spell levels left.
You knew the following spells:

 Your Spells              Type           Power        Failure   Level  Hunger
a - Confusing Touch       Hex            #.....       22%         1    ##.....

Your spell library contained the following spells:

 Spells                   Type           Power        Failure   Level  Hunger
 Animate Skeleton         Necr           N/A          38%         1    ##.....
 Apportation              Tloc           #.....       38%         1    ##.....
 Freeze                   Ice            #...         38%         1    ##.....
 Summon Small Mammal      Summ           #...         38%         1    ##.....
 Throw Frost              Conj/Ice       #.....       54%         2    ###....
 Confuse                  Hex            #.......     54%         3    ####...
 Gell's Gravitas          Tloc           #.........   77%         3    ####...
 Ozocubu's Armour         Chrm/Ice       #.......     77%         3    ####...
 Petrify                  Tmut/Erth      #.......     99%         4    #####..
 Summon Ice Beast         Ice/Summ       #.......     99%         4    #####..
 Throw Icicle             Conj/Ice       #.......     99%         4    #####..
 Metabolic Englaciation   Hex/Ice        #.........   100%        5    ######.
 Yara's Violent Unravell  Hex/Tmut       #.........   100%        5    ######.


Dungeon Overview and Level Annotations

Branches:
Dungeon (6/15)             Temple (1/1) D:4

Altars:
Ashenzari
Cheibriados
Dithmenos
Elyvilon
Gozag
Hepliaklqana
Kikubaaqudgha
Makhleb
Nemelex Xobeh
Okawaru
Qazlal
Ru
Trog
Uskayaw
Wu Jian
Xom
Yredelemnul
Zin


Innate Abilities, Weirdness & Mutations

You are too large for most types of armour.
You have claws for hands.
Your metabolism is lightning-fast.
You like to eat raw meat.
Your natural rate of healing is unusually fast.
You are covered in fur. (AC +1)
You have extremely tough skin. (AC +3)


Message History

You barely miss the orc warrior.
The orc warrior is lightly wounded.
The orc warrior hits you with a +0 mace.
You closely miss the orc warrior.
The orc warrior is lightly wounded.
The orc warrior hits you with a +0 mace!
* * * LOW HITPOINT WARNING * * *
You scratch the orc warrior.
The orc warrior is moderately wounded.
The orc warrior barely misses you.
You barely miss the orc warrior.
The orc warrior is moderately wounded.
You scratch the orc warrior but do no damage.
The orc warrior is moderately wounded.
The orc warrior hits you with a +0 mace.
* * * LOW HITPOINT WARNING * * *
You barely miss the orc warrior.
The orc warrior is lightly wounded.
The orc warrior hits you with a +0 mace!
You die...

, #....... , , * #....... *
#,* ####'### * , #.######.###
, #........... , * * ####
####........ , , ..#
#........ + #.# #.)...... ,
.....* ,#@# ###.#'### ,,
.....#+#.#o# #..))....
...?.....#{# ###..)..... *
,.........#.# #.......... *
........ #o# #.#........ *
......###.######.#.#+#+##. **
#.o...........#.#.#.### *
#.............#........
#.#####.............#########


You could see an orc warrior and an orc.

Vanquished Creatures
  Sigmund (D:2)
  An ice beast (D:3)
  A phantom (D:5)
  An ogre (D:4)
  A bullfrog (D:6)
  An electric eel (D:6)
  A crimson imp (D:5)
  A jelly (D:5)
  2 orc priests (D:6)
  A hound (D:4)
  3 orc wizards
  An iguana (D:4)
  Terence (D:2)
  A worker ant (D:4)
  A hound skeleton (D:4)
  6 adders
  7 gnolls
  A howler monkey skeleton (D:4)
  An ooze (D:3)
  An adder skeleton (D:4)
  An adder zombie (D:5)
  7 worms
  A dart slug (D:2)
  3 leopard geckos
  11 orcs
  8 giant cockroaches
  4 goblins (D:3)
  8 hobgoblins
  8 jackals
  3 quokkas
  2 ball pythons
  6 bats
  3 frilled lizards
  A giant cockroach zombie (D:5)
  4 kobolds
  A leopard gecko skeleton (D:4)
  3 quokka skeletons
  8 rats
116 creatures vanquished.

Notes
Turn   | Place    | Note
-------+----------+-------------------------------------------
     0 | D:1      | silentkaos13 the Troll Monk began the quest for the Orb.
     0 | D:1      | Reached XP level 1. HP: 22/22 MP: 0/0
   449 | D:1      | Reached XP level 2. HP: 29/29 MP: 1/1
   913 | D:2      | Noticed Sigmund
   918 | D:2      | Killed Sigmund
   918 | D:2      | Reached skill level 4 in Unarmed Combat
   918 | D:2      | Reached XP level 3. HP: 35/37 MP: 2/2
   918 | D:2      | Reached XP level 4. HP: 43/45 MP: 3/3
   918 | D:2      | Reached XP level 5. HP: 51/53 MP: 4/4
  1128 | D:2      | Noticed Terence
  1145 | D:2      | Killed Terence
  1322 | D:2      | Found an ancient bone altar of Kikubaaqudgha.
  1690 | D:3      | Reached XP level 6. HP: 56/61 MP: 5/5
  1706 | D:3      | Reached skill level 5 in Unarmed Combat
  1714 | D:3      | Learned a level 1 spell: Confusing Touch
  2052 | D:3      | Noticed an ice beast
  2076 | D:3      | HP: 1/61 [ice beast (10)]
  2079 | D:3      | Killed an ice beast
  2500 | D:3      | Found a white marble altar of Elyvilon.
  3207 | D:4      | Reached XP level 7. HP: 64/67 MP: 7/7
  3209 | D:4      | Reached skill level 1 in Spellcasting
  3507 | D:4      | Found a staircase to the Ecumenical Temple.
  3535 | Temple   | Entered the Ecumenical Temple
  3920 | D:4      | Reached skill level 6 in Unarmed Combat
  4049 | D:4      | Found a shattered altar of Ashenzari.
  4063 | D:4      | Reached skill level 1 in Hexes
  4065 | D:4      | Became a worshipper of Ashenzari the Shackled
  4065 | D:4      | Reached * piety under Ashenzari
  4065 | D:4      | Reached ** piety under Ashenzari
  4087 | D:4      | Found a snail-covered altar of Cheibriados.
  4323 | D:5      | Entered Level 5 of the Dungeon
  4795 | D:5      | Got the cursed robe "Qomogo" {Int+2}
  5373 | D:6      | Reached XP level 8. HP: 16/75 MP: 0/9
  5539 | D:6      | Reached skill level 7 in Unarmed Combat
  5557 | D:6      | Slain by an orc warrior

Levels and vault maps discovered:
D:1:      minmay_arrival_nine_rooms, layout_basic, serial_glass,
          glass_columns_c, glass_columns_a, feat_on_display, feat_on_display,
          feat_on_display
D:2:      layout_loops_corners, overflow_temple_1_default, st_stairs_5,
          uniq_terence, uniq_sigmund
D:3:      layout_basic, lemuel_coloured_pillars_altar
D:4:      minmay_polygon_palace, layout_basic, cheibrodos_ashenzari_chains,
          cheibriados_altar_1, minmay_temple_entry_offerings
D:5:      layout_loops_ring, first_ration, minmay_misc_feat_room
D:6:      layout_basic, serial_shops, kennysheep_mini, solitary_fountain,
          minivault_14
Temple:   dpeg_chambers_temple

Skill      XL: |  1  2  3  4  5  6  7  8 |
---------------+-------------------------+-----
Fighting       | 3 |  3.5
Dodging        | 3 4 |  4.2
Unarmed Combat | 4 5 6 7 |  7.0
Spellcasting   | 1 |  1.7
Hexes          | 1 |  1.6
Stealth        | |  1.6

Action                   |  1- 3 |  4- 6 |  7- 9 || total
-------------------------+-------+-------+-------++-------
Melee: Unarmed           |    33 |   177 |   141 ||   351
       Punch             |     1 |     2 |     4 ||     7
  Use: Scroll            |       |     3 |     2 ||     5
       Potion            |       |     1 |     2 ||     3
 Stab: Sleeping          |     4 |     1 |     2 ||     7
       Distracted        |       |     1 |       ||     1
  Eat: Chunk             |     9 |    24 |    19 ||    52
       Ration            |       |       |     1 ||     1
Armor: Robe              |    21 |    81 |    50 ||   152
Dodge: Dodged            |    11 |   132 |    91 ||   234

Table legend:
 A = Non-vault XP
 B = Vault XP
 C = Vault XP percentage of total XP
 D = Non-vault monster count
 E = Vault monster count
 F = Vault count percentage of total count
                 A         B        C        D         E       F
            +---------+---------+-------+---------+---------+-------
      Total |    1161 |     410 |  26.1 |      97 |      19 |  16.4
            +---------+---------+-------+---------+---------+-------
        D:1 |      13 |       0 |   0.0 |      10 |       0 |   0.0
        D:2 |      80 |     272 |  77.3 |      14 |       4 |  22.2
        D:3 |     306 |       0 |   0.0 |      34 |       0 |   0.0
        D:4 |     176 |     138 |  43.9 |      10 |      15 |  60.0
        D:5 |     301 |       0 |   0.0 |      14 |       0 |   0.0
        D:6 |     285 |       0 |   0.0 |      15 |       0 |   0.0
            +---------+---------+-------+---------+---------+-------
